| TOP OF THE 1ST |
|
Chattanooga Lookouts batting - Pitching for Jackson Generals : RHP Sam Wilson
|
|
Pitching: RHP Sam Wilson
|
|
|
Batting: LHB Marius Tadini
|
0-0: Ball 1-0: Swinging Strike 1-1: Swinging Strike 1-2: Strikes out swinging
|
|
Batting: RHB Ruben Martinez
|
0-0: Called Strike 0-1: Foul Ball, location: 2F 0-2: Foul Ball, location: 2F 0-2: Ball 1-2: Ball 2-2: Ball 3-2: SINGLE (Line Drive, 9S, EV 108.1 MPH)
|
|
Batting: LHB Matt Robertson
|
0-0: Called Strike 0-1: Foul Ball, location: 2F 0-2: Ball 1-2: Fielders Choice at 2nd, 3-6 (Groundball, 23, EV 80.0 MPH)
|
|
Batting: RHB Isaiah Easter
|
0-0: Called Strike Matt Robertson steals 2nd base 0-1: Ball 1-1: Swinging Strike 1-2: Strikes out swinging
|
| Top of the 1st over - 0 runs, 1 hit, 0 errors, 1 left on base; Chattanooga 0 - Jackson 0 |
| BOTTOM OF THE 1ST |
|
Jackson Generals batting - Pitching for Chattanooga Lookouts : RHP Tom Aagaard
|
|
Pitching: RHP Tom Aagaard
|
|
|
Batting: RHB Sean Peake
|
0-0: Foul Ball, location: 2F 0-1: DOUBLE (Groundball, 5L, EV 100.6 MPH)
|
|
Batting: RHB Brad Robidas
|
0-0: Swinging Strike 0-1: Fly out, F9 (Flyball, 9, EV 95.0 MPH)
|
|
Batting: LHB Jerrod Cluck
|
0-0: Called Strike 0-1: Ball 1-1: SINGLE (Line Drive, 89S, EV 86.9 MPH) Sean Peake to third Runner from 3rd tries for Home, SAFE, throw by RF to home Jerrod Cluck to second
|
|
Batting: LHB Cliff Thomas
|
0-0: Called Strike 0-1: Foul Ball, location: 2F 0-2: Ball 1-2: Ball 2-2: SINGLE (Line Drive, 5D, EV 106.9 MPH) Jerrod Cluck to third Runner from 3rd tries for Home, SAFE, throw by LF to home
|
|
Batting: RHB Harutomi Matsubara
|
0-0: Called Strike 0-1: Fly out, F8 (Flyball, 78D, EV 85.6 MPH)
|
|
Batting: LHB Dwain Ashford
|
0-0: Ball 1-0: Foul Ball, location: 2F 1-1: Ball 2-1: Ground out 4-3 (Groundball, 4, EV 106.3 MPH)
|
| Bottom of the 1st over - 2 runs, 3 hits, 0 errors, 1 left on base; Chattanooga 0 - Jackson 2 |
| TOP OF THE 2ND |
|
Chattanooga Lookouts batting - Pitching for Jackson Generals : RHP Sam Wilson
|
|
Batting: RHB Justin Allison
|
0-0: Called Strike 0-1: Foul Ball, location: 2F 0-2: Ball 1-2: Ball 2-2: Foul Ball, location: 2F 2-2: Foul Ball, location: 2F 2-2: Ball 3-2: Base on Balls
|
|
Batting: SHB Chris Ortiz
|
0-0: Fly out, F7 (Flyball, 7, EV 90.0 MPH)
|
|
Batting: RHB Bobby Paredes
|
0-0: Fielders Choice at 2nd, 5-4 (Groundball, 5, EV 99.4 MPH)
|
|
Batting: RHB Francisque Regras
|
0-0: SINGLE (Groundball, 56D, EV 93.8 MPH) Bobby Paredes to second
|
|
Batting: RHB Ben Droge
|
0-0: Fielders Choice at 2nd, 6-4 (Groundball, 6, EV 104.4 MPH)
|
| Top of the 2nd over - 0 runs, 1 hit, 0 errors, 2 left on base; Chattanooga 0 - Jackson 2 |
| BOTTOM OF THE 2ND |
|
Jackson Generals batting - Pitching for Chattanooga Lookouts : RHP Tom Aagaard
|
|
Batting: RHB Tony Vargas
|
0-0: Ball 1-0: Foul Ball, location: 2F 1-1: Called Strike 1-2: Strikes out swinging
|
|
Batting: LHB Matt Purke Jr.
|
0-0: Ball 1-0: Fly out, F7 (Flyball, 78D, EV 101.9 MPH)
|
|
Batting: RHB Jesus Torres
|
0-0: Ball 1-0: Swinging Strike 1-1: DOUBLE (Line Drive, 7LM, EV 113.8 MPH)
|
|
Batting: RHB Sean Peake
|
0-0: Foul Ball, location: 2F 0-1: Called Strike 0-2: Ball 1-2: Strikes out looking
|
| Bottom of the 2nd over - 0 runs, 1 hit, 0 errors, 1 left on base; Chattanooga 0 - Jackson 2 |
| TOP OF THE 3RD |
|
Chattanooga Lookouts batting - Pitching for Jackson Generals : RHP Sam Wilson
|
|
Batting: LHB Marius Tadini
|
0-0: Ball 1-0: Ball 2-0: Foul Ball, location: 2F 2-1: Ball 3-1: Foul Ball, location: 2F 3-2: Foul Ball, location: 2F 3-2: DOUBLE (Line Drive, 9LS, EV 92.5 MPH)
|
|
Batting: RHB Ruben Martinez
|
0-0: Foul Ball, location: 2F 0-1: Ball 1-1: Called Strike 1-2: Strikes out swinging
|
|
Batting: LHB Matt Robertson
|
0-0: Ball 1-0: Ground out 6-3 (Groundball, 4M, EV 80.6 MPH) Marius Tadini to third
|
|
Batting: RHB Isaiah Easter
|
0-0: Called Strike 0-1: Ball 1-1: Foul Ball, location: 2F 1-2: Ground out 1-3 (Groundball, 34S, EV 70.6 MPH)
|
| Top of the 3rd over - 0 runs, 1 hit, 0 errors, 1 left on base; Chattanooga 0 - Jackson 2 |
| BOTTOM OF THE 3RD |
|
Jackson Generals batting - Pitching for Chattanooga Lookouts : RHP Tom Aagaard
|
|
Batting: RHB Brad Robidas
|
0-0: Called Strike 0-1: Ball 1-1: Called Strike 1-2: Foul Ball, location: 2F 1-2: Foul Ball, location: 2F 1-2: Foul Ball, location: 2F 1-2: Foul Ball, location: 2F 1-2: Ball 2-2: Ground out 5-3 (Groundball, 5, EV 88.1 MPH)
|
|
Batting: LHB Jerrod Cluck
|
0-0: SINGLE (Groundball, 4MD, EV 101.9 MPH)
|
|
Batting: LHB Cliff Thomas
|
0-0: Called Strike Jerrod Cluck steals 2nd base (no throw) 0-1: Fly out, F6 (Popup, 56D, EV 56.9 MPH)
|
|
Batting: RHB Harutomi Matsubara
|
0-0: Ground out 4-3 (Groundball, 4S, EV 81.3 MPH)
|
| Bottom of the 3rd over - 0 runs, 1 hit, 0 errors, 1 left on base; Chattanooga 0 - Jackson 2 |
| TOP OF THE 4TH |
|
Chattanooga Lookouts batting - Pitching for Jackson Generals : RHP Sam Wilson
|
|
Batting: RHB Justin Allison
|
0-0: Reached on error, E5 (Groundball, 5, EV 85.0 MPH)
|
|
Batting: SHB Chris Ortiz
|
0-0: Called Strike 0-1: Ball 1-1: Called Strike 1-2: Strikes out swinging
|
|
Batting: RHB Bobby Paredes
|
0-0: Hit by Pitch Justin Allison to second
|
|
Batting: RHB Francisque Regras
|
0-0: Grounds into double play, 5-4-3 (Groundball, 5, EV 87.5 MPH)
|
| Top of the 4th over - 0 runs, 0 hits, 1 error, 1 left on base; Chattanooga 0 - Jackson 2 |
| BOTTOM OF THE 4TH |
|
Jackson Generals batting - Pitching for Chattanooga Lookouts : RHP Tom Aagaard
|
|
Batting: LHB Dwain Ashford
|
0-0: Called Strike 0-1: Ball 1-1: Ball 2-1: SINGLE (Line Drive, 78M, EV 100.0 MPH)
|
|
Batting: RHB Tony Vargas
|
0-0: Ball 1-0: Ball 2-0: Fly out, F9 (Line Drive, 9, EV 102.5 MPH)
|
|
Batting: LHB Matt Purke Jr.
|
0-0: Ball 1-0: DOUBLE (Flyball, 78XD, EV 108.1 MPH) Dwain Ashford to third Runner from 3rd tries for Home, throw by CF and OUT! 8-6-2 Matt Purke Jr. to third
|
|
Batting: RHB Jesus Torres
|
0-0: Ball 1-0: Ball 2-0: Ball 3-0: Called Strike 3-1: Foul Ball, location: 2F 3-2: Ground out 6-3 (Groundball, 6, EV 102.5 MPH)
|
| Bottom of the 4th over - 0 runs, 2 hits, 0 errors, 1 left on base; Chattanooga 0 - Jackson 2 |
| TOP OF THE 5TH |
|
Chattanooga Lookouts batting - Pitching for Jackson Generals : RHP Sam Wilson
|
|
Batting: RHB Ben Droge
|
0-0: Foul Ball, location: 2F 0-1: Swinging Strike 0-2: Ground out U3 (Groundball, 3, EV 99.4 MPH)
|
|
Batting: LHB Marius Tadini
|
0-0: Ball 1-0: Ball 2-0: Ground out 6-3 (Groundball, 6, EV 85.0 MPH)
|
|
Batting: RHB Ruben Martinez
|
0-0: Ball 1-0: Ball 2-0: Called Strike 2-1: Ball 3-1: Base on Balls
|
|
Batting: LHB Matt Robertson
|
0-0: Swinging Strike 0-1: Ball 1-1: SINGLE (Groundball, 6MD, EV 108.8 MPH) Ruben Martinez to second
|
|
Batting: RHB Isaiah Easter
|
0-0: Ball 1-0: Swinging Strike 1-1: Foul Ball, location: 2F 1-2: Ground out 6-3 (Groundball, 6D, EV 105.6 MPH)
|
| Top of the 5th over - 0 runs, 1 hit, 0 errors, 2 left on base; Chattanooga 0 - Jackson 2 |
| BOTTOM OF THE 5TH |
|
Jackson Generals batting - Pitching for Chattanooga Lookouts : RHP Tom Aagaard
|
|
Batting: RHB Sean Peake
|
0-0: Called Strike 0-1: Foul Ball, location: 2F 0-2: Foul Ball, location: 2F 0-2: SINGLE (Line Drive, 78M, EV 104.4 MPH)
|
|
Batting: RHB Brad Robidas
|
0-0: Called Strike Sean Peake steals 2nd base (no throw) 0-1: Ball 1-1: Called Strike 1-2: Ball 2-2: Strikes out swinging
|
|
Batting: LHB Jerrod Cluck
|
0-0: Ball 1-0: Foul Ball, location: 2F 1-1: Called Strike Sean Peake steals 3rd base 1-2: Fly out, F7 (Flyball, 78S, EV 82.5 MPH)
|
|
Batting: LHB Cliff Thomas
|
0-0: Called Strike 0-1: Ball 1-1: Ball 2-1: Swinging Strike 2-2: Ball 3-2: Foul Ball, location: 2F 3-2: Foul Ball, location: 2F 3-2: Strikes out looking
|
| Bottom of the 5th over - 0 runs, 1 hit, 0 errors, 1 left on base; Chattanooga 0 - Jackson 2 |
| TOP OF THE 6TH |
|
Chattanooga Lookouts batting - Pitching for Jackson Generals : RHP Sam Wilson
|
|
Batting: RHB Justin Allison
|
0-0: Called Strike 0-1: Ball 1-1: Ground out U3 (Groundball, 34S, EV 88.8 MPH)
|
|
Pitching: RHP Mark Case
|
|
|
Batting: SHB Chris Ortiz
|
0-0: Called Strike 0-1: Called Strike 0-2: Ball 1-2: Ground out 6-3 (Groundball, 6M, EV 88.1 MPH)
|
|
Batting: RHB Bobby Paredes
|
0-0: Ball 1-0: Foul Ball, location: 2F 1-1: Called Strike 1-2: Strikes out swinging
|
| Top of the 6th over - 0 runs, 0 hits, 0 errors, 0 left on base; Chattanooga 0 - Jackson 2 |
| BOTTOM OF THE 6TH |
|
Jackson Generals batting - Pitching for Chattanooga Lookouts : RHP Tom Aagaard
|
|
Batting: RHB Harutomi Matsubara
|
0-0: Ball 1-0: Called Strike 1-1: Foul Ball, location: 2F 1-2: Ball 2-2: Ball 3-2: Ground out 5-3 (Groundball, 56, EV 98.8 MPH)
|
|
Pitching: RHP Mike Ferry
|
|
|
Batting: LHB Dwain Ashford
|
0-0: Ground out 4-3 (Groundball, 4, EV 89.4 MPH)
|
|
Batting: RHB Tony Vargas
|
0-0: Called Strike 0-1: Ball 1-1: Ball 2-1: Foul Ball, location: 2F 2-2: SINGLE (Groundball, 34D, EV 105.6 MPH)
|
|
Batting: LHB Matt Purke Jr.
|
0-0: Ball Tony Vargas steals 2nd base 1-0: Ball 2-0: Foul Ball, location: 2F 2-1: Foul Ball, location: 2F 2-2: DOUBLE (Line Drive, 78M, EV 90.6 MPH) Tony Vargas scores
|
|
Batting: RHB Jesus Torres
|
0-0: Ball 1-0: Ground out 5-3 (Groundball, 56S, EV 88.1 MPH)
|
| Bottom of the 6th over - 1 run, 2 hits, 0 errors, 1 left on base; Chattanooga 0 - Jackson 3 |
| TOP OF THE 7TH |
|
Chattanooga Lookouts batting - Pitching for Jackson Generals : RHP Mark Case
|
|
Pitching: RHP Aidan Martin
|
|
|
Batting: RHB Francisque Regras
|
0-0: Swinging Strike 0-1: Foul Ball, location: 2F 0-2: Ball 1-2: Ball 2-2: Foul Ball, location: 2F 2-2: Strikes out swinging
|
|
Batting: RHB Ben Droge
|
0-0: Ball 1-0: Ball 2-0: Ball 3-0: Called Strike 3-1: SINGLE (Line Drive, 34, EV 110.0 MPH)
|
|
Batting: LHB Marius Tadini
|
0-0: Ball 1-0: Ball 2-0: Called Strike 2-1: Called Strike 2-2: Foul Ball, location: 2F 2-2: Ball 3-2: Strikes out swinging Ben Droge is caught stealing 2nd base 2-6 Batter strikes out.
|
| Top of the 7th over - 0 runs, 1 hit, 0 errors, 0 left on base; Chattanooga 0 - Jackson 3 |
| BOTTOM OF THE 7TH |
|
Jackson Generals batting - Pitching for Chattanooga Lookouts : RHP Mike Ferry
|
|
Batting: RHB Sean Peake
|
0-0: SINGLE (Groundball, 4M, EV 101.9 MPH) (infield hit)
|
|
Batting: RHB Brad Robidas
|
0-0: Ball 1-0: Sac Bunt to 15 - play at first, batter OUT! 1-3 Sean Peake to second
|
|
Batting: LHB Jerrod Cluck
|
0-0: TRIPLE (Flyball, 89XD, EV 100.0 MPH) Sean Peake scores
|
|
Batting: LHB Cliff Thomas
|
0-0: Ball 1-0: Ball 2-0: Ball 3-0: Called Strike 3-1: Called Strike 3-2: Ground out 3-1 (Groundball, 34, EV 104.4 MPH) Jerrod Cluck scores
|
|
Pitching: RHP Justin Nourse
|
|
|
Batting: RHB Harutomi Matsubara
|
0-0: Called Strike 0-1: Swinging Strike 0-2: Foul Ball, location: 2F 0-2: Foul Ball, location: 2F 0-2: Ball 1-2: Ground out 4-3 (Groundball, 4M, EV 105.6 MPH)
|
| Bottom of the 7th over - 2 runs, 2 hits, 0 errors, 0 left on base; Chattanooga 0 - Jackson 5 |
| TOP OF THE 8TH |
|
Chattanooga Lookouts batting - Pitching for Jackson Generals : RHP Aidan Martin
|
|
Batting: RHB Ruben Martinez
|
0-0: Called Strike 0-1: Ball 1-1: Called Strike 1-2: Strikes out swinging
|
|
Batting: LHB Matt Robertson
|
0-0: Ball 1-0: Called Strike 1-1: Foul Ball, location: 2F 1-2: Foul Ball, location: 2F 1-2: SINGLE (Line Drive, 89M, EV 106.3 MPH)
|
|
Pitching: RHP Tony Holley
|
|
|
Batting: RHB Isaiah Easter
|
0-0: Ball 1-0: Fly out, F9 (Line Drive, 9, EV 89.4 MPH)
|
|
Batting: RHB Justin Allison
|
0-0: Ball 1-0: Fielders Choice at 2nd, 5-4 (Groundball, 56, EV 98.8 MPH)
|
| Top of the 8th over - 0 runs, 1 hit, 0 errors, 1 left on base; Chattanooga 0 - Jackson 5 |
| BOTTOM OF THE 8TH |
|
Jackson Generals batting - Pitching for Chattanooga Lookouts : RHP Justin Nourse
|
|
Batting: LHB Dwain Ashford
|
0-0: Ball 1-0: SOLO HOME RUN (Flyball, 9D, EV 98.8 MPH), Distance : 375 ft
|
|
Batting: RHB Tony Vargas
|
0-0: Called Strike 0-1: Foul Ball, location: 2F 0-2: Foul Ball, location: 2F 0-2: Ball 1-2: Foul Ball, location: 2F 1-2: Ball 2-2: Ball 3-2: Base on Balls
|
|
Batting: LHB Matt Purke Jr.
|
0-0: Called Strike 0-1: Fielders Choice at 2nd, 4-6 (Groundball, 34, EV 88.8 MPH)
|
|
Batting: RHB Jesus Torres
|
0-0: Grounds into double play, 4-6-3 (Groundball, 4, EV 87.5 MPH)
|
| Bottom of the 8th over - 1 run, 1 hit, 0 errors, 0 left on base; Chattanooga 0 - Jackson 6 |
| TOP OF THE 9TH |
|
Chattanooga Lookouts batting - Pitching for Jackson Generals : RHP Tony Holley
|
|
Batting: SHB Chris Ortiz
|
0-0: Ground out 4-3 (Groundball, 4, EV 85.6 MPH)
|
|
Batting: RHB Bobby Paredes
|
0-0: Swinging Strike 0-1: Ball 1-1: Foul Ball, location: 3F, Error on foul ball, E3 1-2: Ball 2-2: Foul Ball, location: 2F 2-2: Ball 3-2: DOUBLE (Groundball, 5L, EV 104.4 MPH)
|
|
Batting: RHB Francisque Regras
|
0-0: Ball 1-0: Ball 2-0: Ball 3-0: Base on Balls
|
|
Pinch Hitting: LHB Armando Rendon
|
0-0: Called Strike 0-1: Foul Ball, location: 2F 0-2: Grounds out, U3 (Groundball, 3L, EV 98.1 MPH) Bobby Paredes to third
|
|
Batting: LHB Marius Tadini
|
0-0: Called Strike 0-1: Ball 1-1: Ball 2-1: Ground out 1-3 (Groundball, 34S, EV 67.5 MPH)
|
| Top of the 9th over - 0 runs, 1 hit, 1 error, 2 left on base; Chattanooga 0 - Jackson 6 |
|